Unix NetHack Version 5.0.0-0 post-release - last build May  4 2026 22:22:43 (774f63e81ad911689b3a0859ea89b322d5daca8d,branch:main).

Game began 2026-05-06 20:48:50, ended 2026-05-06 22:55:16.

Eymerich, chaotic male elven Priest

                                  ----
                                  |..|
                                 --..--
                                 |.)..|
                              ----.h@--
                              |......|
                              |.--...|
                              |.||.--
                             --.||..
                             |..|
                             |.--
                             |.|
                            --.--
                            ....|
                            --..|
                             ---

Eymerich the Adept           St:15 Dx:14 Co:16 In:9 Wi:16 Ch:9  Chaotic
Dlvl:6  $:367 HP:0(51) Pw:103(103) AC:2  Xp:7 T:5827  Burdened

Latest messages:
 You hit the kobold shaman!
 The kobold shaman points all around, then curses.
 What do you want to throw? [$ahoptuyX or ?*]
 In what direction?
 The aklys hits the kobold shaman!
 The aklys returns to your hand!
 The kobold shaman points all around, then curses.
 You have a little trouble lifting X - 10 arrows (19 in total).
 z - a bow.
 You see here a partly eaten gnome corpse.
 There is a partly eaten gnome corpse here; eat it? [ynq] (n)
 You resume your meal.
 You finish eating the gnome corpse.
 The air crackles around the kobold shaman.
 What do you want to throw? [$ahoptuyzX or ?*]
 In what direction?
 You kill the kobold shaman!
 Welcome to experience level 7.
 The aklys returns to your hand!
 There are many objects here.
 There is a dwarf corpse here; eat it? [ynq] (n)
 This dwarf corpse tastes terrible!
 You stop eating the dwarf corpse.
 There is a partly eaten dwarf corpse here; eat it? [ynq] (n)
 You resume your meal.
 You stop eating the dwarf corpse.
 What do you want to throw? [$ahoptuyzX or ?*]
 In what direction?
 The aklys hits the dwarf.
 The aklys returns to your hand!
 You miss the dwarf.
 You hit the dwarf.
 You miss the dwarf.
 The dwarf swings her broad pick.
 The dwarf hits!
 You miss the dwarf.
 The dwarf swings her broad pick.
 The dwarf hits!
 You miss the dwarf.
 The dwarf swings her broad pick.
 The dwarf hits!
 You miss the dwarf.
 You miss the dwarf.
 The dwarf swings her broad pick.
 The dwarf hits!
 You miss the dwarf.
 The dwarf swings her broad pick.
 The dwarf hits!
 You die...
 Do you want your possessions identified? [ynq] (y)

Inventory:
 Coins    ('$')
  $ - 367 gold pieces
 Weapons  (')')
  X - 19 +0 arrows
  z - a +0 bow
  p - a +0 sling
  u - 2 +0 darts
  y - a +0 dagger
  h - a +0 orcish dagger
  o - 3 +0 orcish daggers
  t - a +0 aklys (tethered to right hand)
  a - a blessed +1 mace
 Armor    ('[')
  f - a +1 dwarvish iron helm (being worn)
  O - a +0 cloak of protection (being worn)
  b - a +0 robe
  x - a blessed +1 leather jacket (being worn)
 Comestibles  ('%')
  k - a food ration
 Scrolls  ('?')
  m - a scroll of confuse monster
 Potions  ('!')
  s - a blessed potion of healing
  v - 2 potions of water
 Rings    ('=')
  r - a ring of conflict
 Wands    ('/')
  l - a wand of polymorph (0:4)
 Tools    ('(')
  w - an oilskin sack containing 17 items
  i - a leather drum
  V - a can of grease (0:22)
  B - a credit card
  Q - a magic whistle
  W - a mirror
 Gems/Stones  ('*')
  K - a worthless piece of yellow glass named soft
  q - 3 rocks

Contents of the oilskin sack:
  a +0 dwarvish mattock
  a +1 aklys
  a clove of garlic
  a cream pie
  a fortune cookie
  a sprig of wolfsbane
  a scroll of enchant weapon
  a blessed scroll of food detection
  4 scrolls of blank paper
  a scroll of light
  a scroll of magic mapping
  a spellbook of blank paper
  a potion of hallucination
  a blessed potion of object detection
  4 blessed potions of healing
  3 potions of holy water
  a magic whistle

Eymerich the Priest's attributes:

Background:
 You were an Adept, a level 7 elven Priest.
 You were chaotic, on a mission for Huhetotl
 who was opposed by Quetzalcoatl (lawful) and Camaxtli (neutral).
 You were right-handed.
 You were in the Gnomish Mines, on level 6.
 You entered the dungeon 5827 turns ago.
 It was nighttime.
 You had 642 experience points, 638 more were needed to attain level 8.

Basics:
 You had 0 out of 51 hit points.
 You had all 103 energy points (spell power).
 Your armor class was 2.
 Your wallet contained 367 zorkmids.
 Autopickup was off.

Final Characteristics:
 Your strength was 15 (limit:18).
 Your dexterity was 14 (limit:18).
 Your constitution was 16 (limit:16).
 Your intelligence was 9 (limit:20).
 Your wisdom was 16 (limit:20).
 Your charisma was 9 (limit:18).

Final Status:
 You weren't hungry.
 You were burdened; movement was slightly slowed.
 You were wielding a club.
 You had basic skill with club and could have enhanced that.

Final Attributes:
 You were piously aligned.
 You were sleep resistant.
 You had infravision.
 You were protected.
 You are dead.

Miscellaneous:
 You didn't encounter any bones levels.
 Total elapsed playing time was 2 hours, 4 minutes and 47 seconds.

Major events:
 Turn
    1: Eymerich the chaotic elven Priest entered the dungeon
  749: attained the rank of Acolyte (level 3)
 1696: entered the Gnomish Mines
 3696: attained the rank of Adept (level 6)
 5827: killed by a dwarf

Spells:
 Name                 Level Category     Fail Retention
 protection             1   clerical      14%   71%-80%
 extra healing          3   healing       97%   51%-75%
 cure blindness         2   healing       70%  76%-100%
 confuse monster        1   enchantment   14%  76%-100%

Skills:
 Fighting Skills
   bare handed combat [Unskilled]
 Weapon Skills
   club               [Basic]
   mace               [Basic]
   morning star       [Unskilled]
   flail              [Unskilled]
   hammer             [Unskilled]
   quarterstaff       [Unskilled]
   polearms           [Unskilled]
   spear              [Unskilled]
   trident            [Unskilled]
   lance              [Unskilled]
   bow                [Unskilled]
   sling              [Unskilled]
   crossbow           [Unskilled]
   dart               [Basic]
   shuriken           [Unskilled]
   boomerang          [Unskilled]
   unicorn horn       [Unskilled]
 Spellcasting Skills
   healing spells     [Unskilled]
   divination spells  [Unskilled]
   clerical spells    [Basic]

Voluntary challenges:
 Character rerolling was not enabled.
 You never genocided any monsters.
 You never polymorphed an object.
 You never changed form.
 You used no wishes.
Achievements:
 You entered a shop.
 You attained the rank of Acolyte.
 You entered the Gnomish Mines.
 You attained the rank of Adept.

 The Dungeons of Doom: levels 1 to 5
    Level 1:
       A fountain.
    Level 2: "iron bars, vault, locked chest, locked box"
       A general store, a fountain.
    Level 3: "vault"
       Some fountains.
    Level 4:
       A general store, a grave.
       Stairs down to The Gnomish Mines.
    Level 5:
 The Gnomish Mines: levels 5 to 6
    Level 5:
    Level 6: <- You were here.
       Final resting place for
          you, killed by a dwarf.


Vanquished creatures:
  a small mimic
  a leprechaun
  a dingo
  a dog
  a housecat
  a blue jelly
  a gnome mummy
  3 human zombies
 an imp
  a mountain nymph
 an orc shaman
  4 rock piercers
  a rock mole
  2 ponies
  2 yellow lights
  a violet fungus
  3 gnome leaders
  a gnomish wizard
  a gray ooze
  2 paper golems
  a little dog
  3 floating eyes
  a kitten
  4 dwarves
  a homunculus
  a kobold shaman
  5 hill orcs
  a rothe
 an orc zombie
  a werejackal
  3 iguanas
  4 acid blobs
  3 coyotes
  a gas spore
  a hobbit
  5 manes
  a large kobold
  a hobgoblin
  3 giant rats
  7 cave spiders
  a yellow mold
  a red mold
 16 gnomes
  3 geckos
  3 jackals
  a fox
  a kobold
  a goblin
  2 sewer rats
  8 grid bugs
  a bat
  5 lichens
  9 newts
130 creatures vanquished.

No species were genocided or became extinct.

Game over:
                       ----------
                      /          \
                     /    REST    \
                    /      IN      \
                   /     PEACE      \
                  /                  \
                  |     Eymerich     |
                  |      367 Au      |
                  |   killed by a    |
                  |      dwarf       |
                  |                  |
                  |                  |
                  |       2026       |
                 *|     *  *  *      | *
        _________)/\\_//(\/(/\)/\//\/|_)_______

Goodbye Eymerich the Priest...

You died in The Gnomish Mines on dungeon level 6 with 3159 points,
and 367 pieces of gold, after 5827 moves.
You were level 7 with a maximum of 51 hit points when you died.

